Unix NetHack Version 3.7.0-78 Work-in-progress - last build Mar 8 2023 14:48:58 (e1b806644f7dc75fed06536c1d2466fecd9570d3,branch:master). Game began 2023-03-14 00:48:04, ended 2023-03-16 05:13:33. Hill, chaotic male elven Wizard ---- ............ ..%...!....... -............... -..)%).....!... |....)......... ----- -------..[---- |...5 5 ---.---- --..--------- ..%....-- --...|.......| ........---....|.%[....| ...A%z....A.@.@-..@@...| .......---.4..|....a..| .....-- --...|....a..| ----- --..--------- |... ----- Hill the Sorcerer St:25 Dx:17 Co:16 In:24 Wi:21 Ch:15 Chaotic S:722538 Astral Plane $:0 HP:185(185) Pw:87(303) AC:-42 Xp:21/10037057 T:32954 Latest messages: That is a potion bottle, not a Klein bottle! What do you want to dip? [bdf-ikm-otvwyzB-IK-NQUYZ or ?*] ? Never mind. You have a little trouble lifting 2 uncursed diluted potions of enlightenment. Continue? [ynq] (q) y You have a little trouble lifting q - 2 uncursed diluted potions of enlightenment. Your movements are slowed slightly because of your load. What do you want to dip? [bdf-ikm-oqtvwyzB-IK-NQUYZ or ?*] ? What do you want to dip 2 uncursed diluted potions of enlightenment into? [qU or ?*] U The potions of enlightenment mix with the potion of fruit juice... The mixture looks black. You drop 2 diluted potions of booze! 2 diluted potions of booze land on the altar. Your movements are now unencumbered. What do you want to use or apply? [bghkwyzDG-IKMQYZ or ?*] b You have a little trouble removing 4 uncursed potions of booze. Continue? [ynq] (q) y You have a little trouble removing a - 4 uncursed potions of booze. Your movements are slowed slightly because of your load. The priest of Thoth picks up a wand of fire. What do you want to drop? [abdf-ikm-pt-zB-IK-NQRYZ or ?*] a 4 uncursed potions of booze land on the altar. Your movements are now unencumbered. The priest of Thoth casts a spell! The priest of Thoth summons insects! You kill the killer bee! Pick an object. The magic-absorbing blade probes the killer bee! You kill the killer bee! The giant beetle turns to flee. The fire ant turns to flee. The giant beetle turns to flee. The soldier ant turns to flee. You hear a chugging sound. The magic-absorbing blade scares the soldier ant! You kill the soldier ant! The magic-absorbing blade stuns the giant beetle! You kill the giant beetle! Autopickup: ON, for all objects. V - a scroll of enchant weapon. Autopickup: OFF. The priest of Thoth zaps a wand of fire! What do you want to drop? [bdf-ikm-pt-zB-IK-NQRVYZ or ?*] V There is a black flash as a scroll of enchant weapon hits the altar. E - the blessed rustproof +5 Magicbane (weapon in hand). What do you want to sacrifice? [d or ?*] ? You offer the Amulet of Yendor to Anhur... An invisible choir sings, and you are bathed in radiance... The voice of Anhur rings out: "Mortal, thou hast done well!" "In return for thy service, I grant thee the gift of Immortality!" You ascend to the status of Demigod... Do you want your possessions identified? [ynq] (y) q Inventory: Amulets N - an uncursed amulet of reflection (being worn) L - the blessed Eye of the Aethiopica Weapons E - the blessed rustproof +5 Magicbane (weapon in hand) t - a blessed rustproof +5 aklys named +3 (alternate weapon; not wielded) Armor n - a blessed rustproof +4 helm of brilliance (being worn) B - a blessed rustproof +5 pair of gauntlets of power (being worn) f - a blessed fireproof +5 pair of water walking boots (being worn) m - a blessed fireproof +5 robe (being worn) R - a blessed +4 Hawaiian shirt with a tropical fish motif (being worn) u - a blessed +5 gray dragon scale mail (being worn) Comestibles i - an uncursed partly eaten food ration C - an uncursed K-ration Rings x - an uncursed ring of free action (on left hand) o - an uncursed ring of levitation F - an uncursed ring of protection from shape changers p - an uncursed ring of shock resistance (on right hand) Wands Q - a wand of death (0:6) w - a wand of digging (0:6) G - a wand of digging (0:6) D - a wand of fire (0:4) Y - a wand of polymorph (1:1) H - a wand of striking (0:2) I - a wand of teleportation (3:1) Tools b - a blessed greased bag of holding containing 106 items Z - an uncursed sack containing 1 item z - an uncursed tooled horn M - the Bell of Opening (0:2) g - an uncursed blindfold K - an uncursed magic lamp (lit) y - a magic marker (1:14) k - an uncursed skeleton key h - a blessed +0 unicorn horn Gems/Stones v - an uncursed luckstone Contents of the bag of holding: 4142 gold pieces an uncursed amulet of flying an uncursed amulet of life saving an uncursed amulet of magical breathing a blessed +3 athame the blessed +3 Sting a +0 bullwhip the rustproof +5 Excalibur an uncursed +0 helm of opposite alignment a blessed +2 pair of leather gloves an uncursed +0 pair of jumping boots a blessed +1 pair of speed boots a blessed +1 small shield an uncursed fireproof +0 cloak of magic resistance an uncursed +0 mummy wrapping 3 uncursed slime molds 8 uncursed cram rations 5 uncursed food rations an uncursed fortune cookie an uncursed lembas wafer 11 uncursed lumps of royal jelly an uncursed sprig of wolfsbane an uncursed tripe ration a blessed homemade tin of quantum mechanic meat a blessed tin of spinach an uncursed tin of spinach 2 uncursed cockatrice eggs 4 uncursed lizard corpses 4 blessed scrolls of blank paper 4 cursed scrolls of blank paper an uncursed scroll of confuse monster an uncursed scroll of create monster 2 cursed scrolls of create monster 2 uncursed scrolls of earth 2 blessed scrolls of fire an uncursed scroll of identify 3 blessed scrolls of remove curse an uncursed scroll of scare monster 2 uncursed scrolls of scare monster an uncursed scroll of taming an uncursed spellbook of blank paper 2 uncursed potions of extra healing an uncursed potion of extra healing 2 blessed potions of full healing an uncursed potion of full healing an uncursed potion of gain ability an uncursed potion of hallucination 3 uncursed potions of healing a cursed potion of invisibility an uncursed potion of invisibility an uncursed potion of oil 2 uncursed potions of paralysis an uncursed potion of polymorph an uncursed potion of restore ability a blessed potion of speed 11 potions of holy water 7 uncursed potions of water 2 potions of unholy water an uncursed ring of conflict an uncursed ring of polymorph an uncursed ring of polymorph control an uncursed +1 ring of protection an uncursed ring of protection from shape changers an uncursed ring of sustain ability a wand of cold (0:5) a wand of cold (0:5) a wand of death (0:6) a wand of death (0:0) a wand of death (0:0) a wand of digging (0:8) a wand of digging (0:8) a wand of enlightenment (0:12) a wand of enlightenment (0:9) a wand of fire (0:7) a wand of probing (3:7) a wand of probing (3:5) a wand of secret door detection (0:7) a wand of sleep (2:8) a wand of speed monster (1:12) a wand of teleportation (0:8) a wand of teleportation (1:6) a wand of teleportation (0:5) a wand of undead turning (2:8) a wand of wishing (1:3) a can of grease (0:16) an expensive camera (0:51) a magic marker (0:71) a magic marker (1:50) a magic marker (1:2) an uncursed magic whistle a +0 pick-axe a blessed tinning kit (0:44) 2 uncursed wax candles 5 uncursed agate stones 2 uncursed amber stones 3 uncursed amethyst stones an uncursed aquamarine stone an uncursed citrine stone 3 uncursed diamonds 3 uncursed emeralds 3 uncursed fluorite stones 3 uncursed jasper stones 4 uncursed obsidian stones 5 uncursed rubies 3 uncursed topaz stones an uncursed luckstone Contents of the sack: a wand of cancellation (0:3) Hill the Wizard's attributes: Background: You were a Sorcerer, a level 21 male elven Wizard. You were chaotic, on a mission for Anhur who was opposed by Ptah (lawful) and Thoth (neutral). You were in the endgame, on the Astral Plane. You entered the dungeon 32954 turns ago. It was nighttime. You had 10037057 experience points, 9962943 more were needed for level 22. Your score was 722538 before end-of-game adjustments. Basics: You had all 185 hit points. You had 87 out of 303 energy points (spell power). Your armor class was -42. Your wallet was empty, but you had 4142 zorkmids stashed away in your pack. Autopickup was off. Final Characteristics: Your strength was 25 (base:18, innate limit:18). Your dexterity was 17 (limit:18). Your constitution was 16 (limit:16). Your intelligence was 24 (base:20, innate limit:20). Your wisdom was 21 (base:17, innate limit:20). Your charisma was 15 (limit:18). Final Status: You were not hungry. You were unencumbered. You were wielding a dagger. You had expert skill with dagger. Final Attributes: You were the Glory of Arioch. You were piously aligned. You were magic-protected. You were fire resistant. You were cold resistant. You were sleep resistant. You were shock resistant. Your items were protected from electric shocks. You were poison resistant. You saw invisible. You were telepathic. You were warned. You had infravision. You were invisible to others. You were stealthy. You could teleport. You had teleport control. You could walk on water. You had a moderate defense bonus (+10). You were guarded. You took half spell damage. You were very fast. You had reflection. You had free action. You were extremely lucky. You had extra luck. Bad luck did not time out for you. Good luck did not time out for you. You survived. Miscellaneous: You encountered 1 bones level. Total elapsed playing time was 17 hours, 4 minutes and 30 seconds. Major events: Turn 1: Hill the chaotic male elven Wizard entered the dungeon 1520: attained the rank of Conjurer (level 3) 3851: entered the Gnomish Mines 5268: chose an elven dagger to be named "Sting" 5720: attained the rank of Thaumaturge (level 6) 7710: entered Sokoban 8056: completed 1st Sokoban level 8897: completed 2nd Sokoban level 9387: completed 3rd Sokoban level 10886: completed 4th Sokoban level 11530: acquired the Sokoban bag of holding 12760: reached Mine Town 13814: attained the rank of Magician (level 10) 13990: acquired the Mines' End luckstone 19323: was bestowed with Magicbane by Anhur 22270: found Sunsword on the floor 22270: found Excalibur on the floor 22279: destroyed zeronine's ghost, the former Sergeant 22827: killed Medusa 23620: entered Gehennom 24002: made his first wish - "marker", got "a magic marker" 24148: attained the rank of Enchanter (level 14) 25031: found the Eye of the Aethiopica on the floor 25033: killed the Dark One 25034: acquired the Bell of Opening 26265: was chosen to take lives for the Glory of Anhur 26265: was bestowed with spellbook of finger of death 28975: destroyed Vlad the Impaler 28977: acquired the Candelabrum of Invocation 29127: killed Orcus 29131: killed the invisible Asmodeus 29225: bribed Baalzebub with 10 zorkmids for safe passage 29979: attained the rank of Sorcerer (level 18) 30130: wished for "marker", got "a magic marker" 31147: killed the Wizard of Yendor 31149: acquired the Book of the Dead 31154: performed the invocation 31422: killed the high priest of Moloch 31427: acquired The Amulet of Yendor 31771: killed Juiblex 32384: killed the Wizard of Yendor (2nd time) 32592: entered the Elemental Planes 32592: entered Plane of Earth 32593: killed the Wizard of Yendor (3rd time) 32615: entered Plane of Air 32711: entered Plane of Fire 32720: entered Plane of Water 32901: entered the Astral Plane 32914: killed the invisible Famine 32929: killed the invisible Famine (2nd time) 32954: ascended Vanquished creatures: Asmodeus Orcus Juiblex the Wizard of Yendor (thrice) Famine (twice) Vlad the Impaler an arch-lich a high cleric a mastodon Medusa 4 krakens 3 iron golems a master lich 2 storm giants a titan a gray dragon a gold dragon a silver dragon 2 red dragons a white dragon a blue dragon a green dragon 11 minotaurs a jabberwock the Dark One 4 baluchitheria 11 Angels 5 demiliches 3 master mind flayers 5 Olog-hai a Nazgul 2 pit fiends 2 sandestins 2 hell hounds 2 displacer beasts a baby white dragon a guardian naga 2 disenchanters 17 vampire leaders 3 skeletons 11 aligned clerics 2 captains 5 shades 6 liches 2 clay golems 2 nurses 2 nalfeshnees 3 lurkers above 3 ettins a golden naga 3 black puddings 14 vampires 6 lieutenants a watch captain 28 ghosts a rogue a wizard a winged gargoyle 2 mind flayers 7 giant mimics 4 long worms 2 zruties a fire giant an ogre tyrant 2 ice trolls 2 rock trolls 2 umber hulks a flesh golem 2 elven monarchs 3 doppelgangers 2 hezrous a bone devil 2 large mimics a wumpus 2 couatls 7 stalkers 8 air elementals a fire elemental 2 earth elementals 8 water elementals a giant mummy a black naga 4 xorns 14 giant zombies 2 elf-nobles 4 sergeants 2 barbed devils 2 wargs a winter wolf 15 small mimics a glass piercer 5 warhorses 4 xans 2 ettin mummies 2 ogre leaders 2 quantum mechanics 10 trolls a sasquatch 2 wood golems an erinys 3 mariliths 2 electric eels 4 gelatinous cubes 2 pyrolisks 5 flaming spheres 7 shocking spheres 2 large cats 4 tigers 3 gargoyles a dwarf ruler 10 tengu 3 ochre jellies 2 leocrottas 2 energy vortices 2 mountain centaurs 6 stone giants 3 elf mummies a human mummy a red naga a green slime 2 pythons 3 pit vipers 2 cobras 47 wraiths 5 carnivorous apes 14 ettin zombies 2 leather golems 2 Grey-elves 46 soldiers 4 watchmen 5 amorous demons 4 horned devils 4 chameleons a crocodile 7 giant beetles 2 quivering blobs 9 cockatrices 7 wolves a winter wolf cub a lynx a panther a gremlin a spotted jelly 5 leprechauns an orc-captain 2 iron piercers a mumak 8 giant spiders 4 scorpions 3 horses 2 ice vortices 3 black lights 18 vampire bats 4 gnome rulers 4 dwarf mummies a brown pudding 9 rust monsters 9 owlbears a yeti 3 gold golems 2 werewolves a Green-elf 4 piranha 14 giant eels 10 lizards 2 chickatrices a dingo 2 dogs a jaguar 4 dwarf leaders a blue jelly 4 white unicorns a gray unicorn 5 dust vortices 7 ravens a plains centaur 4 gnome mummies 6 snakes 4 apes 17 human zombies 2 rope golems a Woodland-elf 6 soldier ants 4 fire ants a bugbear 5 imps 2 lemures 5 quasits 2 wood nymphs 2 water nymphs a mountain nymph 21 Uruk-hai 2 orc shamans 3 rock piercers 3 rock moles 5 ponies 2 fog clouds 6 yellow lights a shrieker 3 violet fungi 17 gnome leaders 8 gnomish wizards 2 kobold mummies a black naga hatchling a gray ooze 2 barrow wights 11 elf zombies 16 ghouls 2 straw golems a paper golem 2 jellyfish 12 giant ants 2 little dogs 7 floating eyes 4 kittens 22 dwarves 2 homunculi a kobold shaman 16 hill orcs 14 rothes 3 rabid rats 2 centipedes 11 giant bats 5 monkeys 13 orc zombies 13 dwarf zombies 9 iguanas 13 killer bees 4 acid blobs 3 gas spores 6 hobbits 13 manes 3 large kobolds 3 hobgoblins 6 giant rats 12 cave spiders 2 brown molds 3 yellow molds a green mold a red mold 61 gnomes a garter snake 22 gnome zombies 6 geckos 12 jackals 4 foxes 3 kobolds 4 goblins 4 sewer rats 5 grid bugs 7 bats 6 lichens 11 kobold zombies 11 newts 1244 creatures vanquished. Extinct species: erinyes (extinct) 1 species extinct. Voluntary challenges: You read items or engraved 136 times. You never engraved Elbereth. You never genocided any monsters. You used 2 wishes. You did not wish for any artifacts. You did not violate any of the special Sokoban rules. Achievements: You entered a shop. You attained the rank of Conjurer. You entered the Gnomish Mines. You entered a temple. You attained the rank of Thaumaturge. You entered Sokoban. You completed Sokoban. You entered Minetown. You attained the rank of Magician. You completed the Gnomish Mines. You defeated Medusa. You entered Gehennom. You attained the rank of Enchanter. You had the Bell of Opening. You handled the Candelabrum of Invocation. You attained the rank of Sorcerer. You handled the Book of the Dead. You gained access to Moloch's Sanctum. You reached the Elemental Planes. You reached the Astral Plane. You delivered the Amulet of Yendor. You ascended! The Elemental Planes: Astral Plane: <- You are here. A temple to Anhur. Plane of Water: Plane of Fire: Plane of Air: Plane of Earth: The Dungeons of Doom: levels 1 to 27 Level 1: One way stairs up to The Elemental Planes. Level 2: An armor shop, a fountain. Level 3: Level 4: A general store. Stairs down to The Gnomish Mines. Level 5: An altar to Anhur, a fountain. Level 6: "black uni" Many fountains. Oracle of Delphi. Level 7: Some fountains. Stairs up to Sokoban, level 6. Level 8: A fountain. Level 9: A temple. Level 10: Some fountains. Level 11: "#=" A sink. Level 12: Some fountains. Level 13: Portal to The Quest. Level 14: A fountain. Level 15: An armor shop, a fountain. Level 16: Level 17: Some fountains. Level 18: A primitive area. Level 19: Level 20: A fountain. Portal to Fort Ludios. Level 21: Level 22: Level 23: Some graves. Final resting place for zeronine-Kni-Hum-Mal-Law, choked on a red dragon corpse. Level 24: A fountain, a grave. Level 25: "medusa, "oRef" Level 26: Level 27: A fountain. The castle. Connection to Gehennom. Gehennom: levels 28 to 49 Level 28: A temple, many graves. Valley of the Dead. Level 29: Level 30: Level 31: Level 32: "juib" A fountain. Level 33: "Asmo" Level 34: Level 35: Level 36: Level 37: Level 38: "orcus" An untended shop, an altar, a grave. Stairs up to Vlad's Tower, level 37. Level 39: "rodney" Level 40: Level 41: Level 42: Level 43: Level 44: Level 45: Level 46: "FakeFakeWiz" Level 47: Level 48: Level 49: A temple, many graves. Moloch's Sanctum. The Gnomish Mines: levels 5 to 12 Level 5: Level 6: Level 7: Level 8: Many shops, a temple to Anhur, some fountains. Level 9: Level 10: Level 11: Level 12: The Quest: levels 1 to 5 Level 1: Completed quest for Neferet the Green. Level 2: Level 3: Level 4: Level 5: A temple. Sokoban: levels 6 up to 3 Level 3: Solved. Level 4: Solved. Level 5: Solved. Level 6: Solved. Fort Ludios: Level 1: Vlad's Tower: levels 37 up to 35 Level 35: Level 36: Level 37: Goodbye Hill the Demigod... You went to your reward with 1539926 points, Excalibur (worth 4000 zorkmids and 10000 points) Sting (worth 800 zorkmids and 2000 points) Magicbane (worth 3500 zorkmids and 8750 points) The Eye of the Aethiopica (worth 4000 zorkmids and 10000 points) The Bell of Opening (worth 5000 zorkmids and 12500 points) and 4142 pieces of gold, after 32954 moves. You were level 21 with a maximum of 185 hit points when you ascended.